 Dungeon Crawl Stone Soup version 0.29-a0-791-ga0f254aafb (webtiles) character file.

Game seed: 8369625589967145438

33 Morbidden the Ducker (level 3, -8/27 HPs)
             Began as a Demonspawn Gladiator on July 3, 2022.
             Mangled by Sigmund
             ... wielding a +0 scythe
              (10 damage)
             ... on level 2 of the Dungeon.
             The game lasted 00:00:56 (1696 turns).

Morbidden the Ducker (Demonspawn Gladiator)         Turns: 1696, Time: 00:00:57

Health: -8/27      AC:  4    Str: 14    XL:     3   Next: 12%
Magic:  4/4        EV: 13    Int:  9    God:
Gold:   59         SH:  0    Dex: 16    Spells: 3/3 levels left

rFire   . . .      SeeInvis .   a - +0 long sword
rCold   . . .      Faith    .   (no shield)
rNeg    . . .      Spirit   .   b - +0 leather armour
rPois   .          Reflect  .   c - +0 helmet
rElec   .          Harm     .   (no cloak)
rCorr   .          Rampage  .   (no gloves)
Will    .....                   (no boots)
Stlth   +.........              (no amulet)
HPRegen 0.09/turn               (no ring)
MPRegen 0.09/turn               (no ring)

@: no status effects
A: powered by pain 1, mutation resistance 1, sturdy frame 1
a: no special abilities


You were on level 2 of the Dungeon.
You visited 1 branch of the dungeon, and saw 2 of its levels.

You collected 59 gold pieces.

Inventory:

Hand Weapons
 a - a +0 long sword (weapon)
Missiles
 d - 3 throwing nets (quivered)
 e - a javelin
Armour
 b - a +0 leather armour (worn)
 c - a +0 helmet (worn)
Scrolls
 f - a scroll of identify
 g - a scroll of teleportation
 n - a scroll of amnesia {unknown}
 p - 2 scrolls of poison {unknown}
Potions
 i - 2 potions of heal wounds
 j - a potion of haste {unknown}
 k - 2 potions of lignification {unknown}
 l - a potion of curing {unknown}
 m - a potion of flight {unknown}
 o - a potion of ambrosia {unknown}
 q - a potion of berserk rage {unknown}


   Skills:
 * Level 2.1 Fighting
 * Level 0.6(2.0) Short Blades
 + Level 2.9(3.0) Long Blades
 + Level 1.8 Throwing
 + Level 0.1 Armour
 * Level 3.2 Dodging
 + Level 0.1 Stealth
 * Level 0.7 Spellcasting


You had 3 spell levels left.
You didn't know any spells.
Your spell library was empty.

Dungeon Overview and Level Annotations

Branches:
Dungeon (2/15)

Altars:
Fedhas

Annotations:
D:2 Sigmund


Innate Abilities, Weirdness & Mutations

You sometimes gain a little power by taking damage.
You are somewhat resistant to further mutation.
Your movements are slightly less encumbered by armour. (ER -2)


Message History

No target in view!
Unknown command.
Unknown command.
No target in view!
Found 8 gold pieces.
Things that are here:
a +0 whip; a kobold corpse You closely miss something.
You hear some strange, mumbled words.
A puff of flame appears from out of thin air!
The puff of flame hits you!
Unknown command.
You barely miss something. Something hits you.
You closely miss something. Something barely misses you.
You slash something! Something hits you.
Unknown command.
You barely miss something. Something hits you but does no damage.
Unknown command.
You feel much better.
Unknown command.
It was a potion of mutation.
You feel extremely strange.
You feel genetically stable.
You feel less encumbered by your armour.
Something hits you!
Unknown command.
You barely miss something. Something hits you!
You slash something! You slash something! Something barely misses you.
Unknown command.
You hit something.
Unknown command.
You barely miss something. Something barely misses you.
Unknown command.
You hit something. You punch something. Something hits you but does no damage.
Unknown command.
You hit something. Something hits you!
* * * LOW HITPOINT WARNING * * *
Unknown command.
You hit something. Something hits you!
You die...

#..........#########...........#
....##.........................#
###..#.#.....#####...####......#
###[.....##........### ########
#.....#......#######
#....###...#.####
.>####...###....# ..####.###
##...######## ..##...#
###.@....... .#...##...#
#.{....... ...### ...#
........... .###
...##.....#...... .# .
##....._..#...... .##.#
###.....#$..... ....# #......
.##># ...## ###.... .# .. .#....


There were no monsters in sight!

Vanquished Creatures
  An adder (D:2)
  A worm (D:2)
  2 endoplasms (D:1)
  A goblin (D:2)
  3 hobgoblins (D:1)
  3 kobolds
  A quokka (D:2)
  2 ball pythons
  3 frilled lizards (D:1)
  6 rats
23 creatures vanquished.

Notes
Turn   | Place    | Note
-------+----------+-------------------------------------------
     0 | D:1      | Morbidden the Demonspawn Gladiator began the quest for the
                  | Orb.
     0 | D:1      | Reached XP level 1. HP: 16/16 MP: 1/1
   300 | D:1      | Found a faded altar of an unknown god.
   415 | D:1      | Gained mutation: You sometimes gain a little power by
                  | taking damage. [demonic ancestry]
   415 | D:1      | Reached XP level 2. HP: 22/22 MP: 2/2
   420 | D:1      | Reached skill level 3 in Dodging
  1474 | D:2      | Reached XP level 3. HP: 21/27 MP: 4/4
  1675 | D:2      | Noticed Sigmund
  1679 | D:2      | Found a blossoming altar of Fedhas.
  1688 | D:2      | Gained mutation: You are somewhat resistant to further
                  | mutation. [potion of mutation]
  1688 | D:2      | Gained mutation: Your movements are slightly less
                  | encumbered by armour. (ER -2) [potion of mutation]
  1696 | D:2      | Mangled by Sigmund

Illustrated notes

Levels and vault maps discovered:
D:1:      enne_arrival_octagon_isle, layout_loops_ring, basic_ecumenical_altar
D:2:      layout_rooms, basic_altar, corexii_hall_statues_i, kennysheep_doodads,
          kennysheep_nondescript, kennysheep_generic_room_11, uniq_sigmund

Skill      XL: |  1  2 |
---------------+-------+-----
Dodging        | 3 |  3.2
Fighting       | |  2.1
Short Blades   | |  0.6
Long Blades    | |  2.9
Throwing       | |  1.8
Armour         | |  0.1
Stealth        | |  0.1
Spellcasting   | |  0.7

Action                   || total
-------------------------++-------
Melee: Long sword        ||    69
       Punch             ||     2
  Use: Scroll            ||     3
       Potion            ||     2
Armor: Leather armour    ||    18
Dodge: Dodged            ||    23

Table legend: (Time is in decaauts)
 A = Elapsed time spent in this place.
 B = Non-inter-level travel time spent in this place.
 C = Inter-level travel time spent in this place.
 D = Time resting spent in this place.
 E = Time spent auto-exploring this place.
 F = Levels seen in this place.
 G = Mean time per level.
                   A        B        C        D        E       F      G
               +--------+--------+--------+--------+--------+-----+--------+
         Total |   1713 |   1676 |     37 |      0 |   1492 |   2 |  856.5 |
       Dungeon |   1713 |   1676 |     37 |      0 |   1492 |   2 |  856.5 |
               +--------+--------+--------+--------+--------+-----+--------+

Top non-repeatable levels by time:
     D:1: 1148 daAuts
     D:2: 564 daAuts
